 Dungeon Crawl Stone Soup version 0.26-a0-43-g20b394cb32 (webtiles) character file.

Game seed: 10772367542194944352

261 tids the Skirmisher (level 6, 0/43 HPs)
             Began as an Octopode Wanderer on June 3, 2020.
             Was a Believer of Fedhas.
             Slain by a slave (8 damage)
             ... led by Pikel
             ... on level 4 of the Dungeon.
             The game lasted 00:09:06 (4253 turns).

tids the Skirmisher (Octopode Wanderer)             Turns: 4253, Time: 00:09:07

Health: 0/43       AC:  1    Str: 14    XL:     6   Next: 18%
Magic:  1/9        EV: 12    Int: 14    God:    Fedhas [**....]
Gold:   125        SH:  0    Dex: 11    Spells: 7/9 levels left

rFire    + . .     SeeInvis .   a - +0 dagger (venom)
rCold    . . .     Gourm    .   (no shield)
rNeg     . . .     Faith    .   (helmet restricted)
rPois    .         Spirit   .   (no amulet)
rElec    .         Reflect  .   d - ring of protection from fire
rCorr    .         Harm     .   y - ring of protection from magic
MR       +....                  (no ring)
Stlth    +++.......             (no ring)
HPRegen  0.14/turn              (no ring)
MPRegen  0.11/turn              (no ring)
                                (no ring)
                                (no ring)

@: no status effects
A: almost no armour, stealthy swim, amphibious, 8 rings, constrict 8, camouflage
1, gelatinous body 1
a: Wall of Briars, Renounce Religion


You were on level 4 of the Dungeon.
You worshipped Fedhas.
Fedhas was pleased with you.
You were not hungry.

You visited 1 branch of the dungeon, and saw 4 of its levels.

You collected 125 gold pieces.

Inventory:

Hand Weapons
 a - a +0 dagger of venom (weapon)
   (You took it off a kobold on level 3 of the Dungeon)
 c - a +0 spear
 f - a +0 dagger
 k - a +0 club
 p - a +0 war axe
 u - a +0 long sword
 v - a +0 short sword
Missiles
 b - 19 stones
 h - 19 arrows
 i - 14 poisoned darts (quivered)
Armour
 q - a +0 hat
Jewellery
 d - a ring of protection from fire (left tentacle)
   (You found it on level 3 of the Dungeon)
 y - a ring of protection from magic (right tentacle)
   (You found it on level 4 of the Dungeon)
Wands
 x - a wand of iceblast (9)
Scrolls
 g - 2 scrolls of remove curse {unknown}
 j - 2 scrolls of identify {unknown}
 o - a scroll of amnesia {unknown}
 s - a scroll of enchant armour {unknown}
 t - 4 scrolls of teleportation
 w - a scroll of enchant weapon {unknown}
Potions
 l - a potion of curing {unknown}
 m - a potion of brilliance {unknown}
 n - 3 potions of heal wounds
 r - a potion of haste {unknown}
 z - a potion of magic {unknown}
 A - a potion of degeneration {unknown}
Comestibles
 e - 3 rations


   Skills:
 - Level 4.2 Fighting
 - Level 1.0 Polearms
 - Level 4.0 Stealth
 + Level 2.0 Spellcasting
   Level 1.0 Fire Magic
 - Level 2.0 Air Magic
 - Level 4.0 Earth Magic


You had 7 spell levels left.
You knew the following spells:

 Your Spells              Type           Power        Failure   Level  Hunger
a - Shock                 Conj/Air       #...         16%         1    ##.....
g - Sandblast             Erth           ##....       4%          1    ##.....

Your spell library contained the following spells:

 Spells                   Type           Power        Failure   Level  Hunger
 Corona                   Hex            #......      24%         1    ##.....
 Swiftness                Chrm/Air       #.......     24%         2    ###....
 Stone Arrow              Conj/Erth      #.....       30%         3    ####...
 Static Discharge         Conj/Air       #.......     43%         3    ####...
 Dazzling Flash           Conj/Hex       #.....       56%         3    ####...
 Airstrike                Air            #.........   71%         4    #####..
 Lightning Bolt           Conj/Air       #.........   99%         5    ######.


Dungeon Overview and Level Annotations

Branches:
Dungeon (4/15)
 Temple: D:4-7

Altars:
Fedhas

Annotations:
D:3 2 transporters, kelmiir's ghost, weakling MiFi


Innate Abilities, Weirdness & Mutations

You cannot wear most types of armour.
You are very stealthy in the water. (Stealth+)
You are amphibious.
You can wear up to eight rings at the same time.
You can use your tentacles to constrict eight enemies at once.
Your skin changes colour to match your surroundings (Stealth+).
Your rubbery body absorbs attacks. (AC +1, EV +1)


Message History

Aim: a slave (lightly wounded, poisoned)
The blast of sand hits the slave but does no damage.
The slave is lightly wounded.
b - 27 stones A slave comes into view.
Casting: Sandblast (safe; 4% risk of failure)
Confirm with . or Enter, or press ? or * to list all spells.
Aiming: Sandblast (safe; 4% risk of failure)
Press: ? - help, Shift-Dir - straight line, f/p - slave
Aim: a slave (lightly wounded, poisoned)
The blast of sand hits the slave.
The slave is lightly wounded.
b - 26 stones You hit the slave but do no damage.
The slave looks even sicker.
Your grab misses the slave. Your squeeze misses the slave.
The slave is lightly wounded.
The slave hits you.
You hit the slave.
The slave looks as sick as possible!
Your grab misses the slave.
The slave is moderately wounded.
The slave closely misses you.
You closely miss the slave. You grab the slave.
The slave is moderately wounded.
You constrict the slave, but do no damage.
The slave misses you.
Casting: Sandblast (safe; 4% risk of failure)
Confirm with . or Enter, or press ? or * to list all spells.
Aiming: Sandblast (safe; 4% risk of failure)
Press: ? - help, Shift-Dir - straight line, f/p - slave
Aim: a slave (heavily wounded, constricted by you, extremely poisoned)
The blast of sand hits the slave.
The slave is almost dead.
b - 25 stones You constrict the slave.
The slave hits you!
Casting: Sandblast (safe; 4% risk of failure)
Confirm with . or Enter, or press ? or * to list all spells.
Aiming: Sandblast (safe; 4% risk of failure)
Press: ? - help, Shift-Dir - straight line, f/p - slave
Aim: a slave (almost dead, constricted by you, extremely poisoned)
The blast of sand hits the slave but does no damage.
The slave is almost dead.
b - 24 stones You constrict the slave.
The slave hits you.
Casting: Sandblast (safe; 4% risk of failure)
Confirm with . or Enter, or press ? or * to list all spells.
Aiming: Sandblast (safe; 4% risk of failure)
Press: ? - help, Shift-Dir - straight line, f/p - slave
Aim: a slave (almost dead, constricted by you, extremely poisoned)
The blast of sand hits the slave.
You kill the slave!
That felt strangely unrewarding.
b - 23 stones You hit the slave but do no damage.
The slave is poisoned.
Your grab misses the slave. You hit the slave but do no damage.
You grab the slave. You squeeze the slave.
The slave is moderately wounded.
You constrict the slave, but do no damage.
The slave hits you!
* * * LOW HITPOINT WARNING * * *
Casting: Sandblast (safe; 4% risk of failure)
Confirm with . or Enter, or press ? or * to list all spells.
Aiming: Sandblast (safe; 4% risk of failure)
Press: ? - help, Shift-Dir - straight line, f - slave
Aim: a slave (moderately wounded, constricted by you, very poisoned)
The blast of sand hits the slave.
The slave is heavily wounded.
b - 22 stones You constrict the slave.
The slave hits you.
* * * LOW HITPOINT WARNING * * *
Casting: Sandblast (safe; 4% risk of failure)
Confirm with . or Enter, or press ? or * to list all spells.
Aiming: Sandblast (safe; 4% risk of failure)
Press: ? - help, Shift-Dir - straight line, f/p - slave
Aim: a slave (heavily wounded, constricted by you, very poisoned)
The blast of sand hits the slave.
The slave is severely wounded.
b - 21 stones You constrict the slave, but do no damage.
The slave hits you!
* * * LOW HITPOINT WARNING * * *
Casting: Sandblast (safe; 4% risk of failure)
Confirm with . or Enter, or press ? or * to list all spells.
Aiming: Sandblast (safe; 4% risk of failure)
Press: ? - help, Shift-Dir - straight line, f/p - slave
Aim: a slave (severely wounded, constricted by you, very poisoned)
The blast of sand hits the slave but does no damage.
The slave is severely wounded.
b - 20 stones You constrict the slave.
The slave barely misses you.
Casting: Sandblast (safe; 4% risk of failure)
Confirm with . or Enter, or press ? or * to list all spells.
Aiming: Sandblast (safe; 4% risk of failure)
Press: ? - help, Shift-Dir - straight line, f/p - slave
Aim: a slave (severely wounded, constricted by you, very poisoned)
The blast of sand hits the slave but does no damage.
The slave is severely wounded.
b - 19 stones You constrict the slave.
The slave hits you!
You die...
Fedhas appreciates your contribution to the ecosystem.

#.# #.# #.#
####.#########.### #)#
#................#### #.#
#.##.###..##.#......# #>#
# #.#
#..###....##.#######.#
#.###..###..#.##.........#
#...........#.############
#####..####.#.# #..# #@#.#
#..# #p#.# ..). .(..#
##### ##.### #(# #.# .(.
.#(


You could see a slave (very poisoned).

Vanquished Creatures
  3 slaves (D:4)
  An ogre (D:4)
  Ijyb (D:4)
  A worker ant (D:4)
  5 adders
  An ooze (D:3)
  2 worms
  A dart slug (D:2)
  3 leopard geckos
  4 orcs
  2 ball pythons (D:2)
  11 bats
  A giant cockroach (D:1)
  4 goblins
  8 hobgoblins
  3 jackals (D:1)
  5 frilled lizards
  8 kobolds
  7 rats
71 creatures vanquished.

Notes
Turn   | Place    | Note
-------+----------+-------------------------------------------
     0 | D:1      | tids the Octopode Wanderer began the quest for the Orb.
     0 | D:1      | tids set off with the following items: a +0 club, a +0
                  | dagger, a ration; and the following spells available to
                  | memorise: Shock, Corona, Sandblast, Swiftness, Static
                  | Discharge, Dazzling Flash, Stone Arrow, Airstrike,
                  | Lightning Bolt
     0 | D:1      | Reached XP level 1. HP: 13/13 MP: 3/3
     6 | D:1      | Learned a level 1 spell: Shock
     8 | D:1      | Learned a level 1 spell: Sandblast
   374 | D:1      | Reached skill level 1 in Earth Magic
   446 | D:1      | Reached XP level 2. HP: 18/18 MP: 3/5
   616 | D:1      | Reached skill level 2 in Earth Magic
  1140 | D:1      | Reached XP level 3. HP: 23/23 MP: 3/6
  1671 | D:2      | Reached skill level 3 in Earth Magic
  2182 | D:2      | Reached XP level 4. HP: 28/28 MP: 5/7
  2209 | D:2      | Found a faded altar of an unknown god.
  2217 | D:2      | Became a worshipper of Fedhas Madash
  2217 | D:2      | Reached * piety under Fedhas
  2944 | D:3      | Reached skill level 4 in Earth Magic
  3494 | D:3      | Found a transporter.
  3496 | D:3      | Noticed an ogre
  3498 | D:3      | Noticed an ogre
  3499 | D:3      | Noticed kelmiir's ghost (weakling MiFi)
  3500 | D:3      | Noticed an ogre
  3560 | D:3      | Reached skill level 2 in Fighting
  3765 | D:3      | Found a transporter.
  3845 | D:4      | Noticed Ijyb
  3854 | D:4      | Killed Ijyb
  3854 | D:4      | Reached XP level 5. HP: 34/35 MP: 8/8
  3889 | D:4      | Reached ** piety under Fedhas
  3921 | D:4      | Noticed an ogre
  3983 | D:4      | Killed an ogre
  3983 | D:4      | Reached skill level 4 in Fighting
  3983 | D:4      | Reached XP level 6. HP: 43/43 MP: 3/9
  4100 | D:4      | Noticed a slave
  4100 | D:4      | Noticed a slave
  4129 | D:4      | Killed a slave
  4131 | D:4      | Killed a slave
  4235 | D:4      | Noticed a slave
  4240 | D:4      | Noticed a slave
  4247 | D:4      | Killed a slave
  4251 | D:4      | HP: 8/43 [slave[Pikel] (8)]
  4253 | D:4      | Slain by a slave

Illustrated notes

Levels and vault maps discovered:
D:1:      dpeg_arrival_orchard, layout_basic, dk_noncrumbling_4
D:2:      layout_loops_ring, first_ration,
          chequers_ecumenical_altar_simple_redux
D:3:      layout_loops_cross, gammafunk_ghost_smash, wad_floor_pattern_untrapped
D:4:      layout_loops_corners, minmay_temple_entry_butterflies,
          grunt_dithmenos_smoke_and_mirrors, uniq_grinder, uniq_pikel,
          uniq_duvessa, uniq_ijyb

Skill      XL: |  1  2  3  4  5 |
---------------+----------------+-----
Earth Magic    | 1 2 3 4 |  4.0
Fighting       | 2 4 |  4.2
Polearms       | |  1.0
Stealth        | |  4.0
Spellcasting   | |  2.0
Fire Magic     | |  1.0
Air Magic      | |  2.0

Action                   |  1- 3 |  4- 6 || total
-------------------------+-------+-------++-------
Melee: Club              |     7 |       ||     7
       Constrict         |     9 |     9 ||    18
       Short sword       |    32 |    23 ||    55
       Tentacles         |     3 |     5 ||     8
       Dagger            |       |    18 ||    18
Throw: Stone             |     1 |       ||     1
       Dart              |     2 |    25 ||    27
 Cast: Shock             |    12 |     1 ||    13
       Sandblast         |    18 |    48 ||    66
  Use: Potion            |     1 |       ||     1
       Scroll            |       |     1 ||     1
 Stab: Sleeping          |     2 |     7 ||     9
  Eat: Chunk             |     4 |     6 ||    10
       Ration            |       |     1 ||     1
Armor: Skin              |     2 |     4 ||     6
Dodge: Dodged            |    27 |    25 ||    52

Table legend:
 A = Non-vault XP
 B = Vault XP
 C = Vault XP percentage of total XP
 D = Non-vault monster count
 E = Vault monster count
 F = Vault count percentage of total count
                 A         B        C        D         E       F
            +---------+---------+-------+---------+---------+-------
      Total |     338 |      36 |   9.6 |      67 |       1 |   1.5
            +---------+---------+-------+---------+---------+-------
        D:1 |      40 |       0 |   0.0 |      25 |       0 |   0.0
        D:2 |      56 |       0 |   0.0 |      19 |       0 |   0.0
        D:3 |      67 |       0 |   0.0 |      18 |       0 |   0.0
        D:4 |     175 |      36 |  17.1 |       5 |       1 |  16.7
            +---------+---------+-------+---------+---------+-------

Table legend:
 A = Turns spent in this place as a percentage of turns spent in the entire game.
 B = Non-inter-level travel turns spent in this place as a percentage of non-inter-level travel turns spent in the entire game.
 C = Inter-level travel turns spent in this place as a percentage of turns spent in this place.
 D = Turns resting spent in this place as a percentage of non-inter-level travel turns spent in this place.
 E = Turns spent auto-exploring this place as a percentage of non-inter-level travel turns spent in this place.
 F = Non-inter-level travel turns spent in this place divided by the number of levels of this place that you've seen.
                   A       B       C       D       E      F
               +-------+-------+-------+-------+-------+----------------------
         Total | 100.0 | 100.0 |   2.1 |  17.8 |  67.2 | 1041.0
       Dungeon | 100.0 | 100.0 |   2.1 |  17.8 |  67.2 | 1041.0
               +-------+-------+-------+-------+-------+----------------------

Table legend:
 A = Kills in this place as a percentage of kills in entire the game.
 B = Kills by you in this place as a percentage of kills by you in the entire game.
 C = Kills by friends in this place as a percentage of kills by friends in the entire game.
 D = Other kills in this place as a percentage of other kills in the entire game.
 E = Experience gained in this place as a percentage of experience gained in the entire game.
 F = Experience gained in this place divided by the number of levels of this place that you have seen.
                   A       B       C       D       E      F
               +-------+-------+-------+-------+-------+----------------------
         Total | 100.0 | 100.0 |   N/A |   N/A | 100.0 |  93.5
       Dungeon | 100.0 | 100.0 |   N/A |   N/A | 100.0 |  93.5
               +-------+-------+-------+-------+-------+----------------------

Levels and vault maps discovered:
D:1:      dpeg_arrival_orchard, layout_basic, dk_noncrumbling_4
D:2:      layout_loops_ring, first_ration,
          chequers_ecumenical_altar_simple_redux
D:3:      layout_loops_cross, gammafunk_ghost_smash, wad_floor_pattern_untrapped
D:4:      layout_loops_corners, minmay_temple_entry_butterflies,
          grunt_dithmenos_smoke_and_mirrors, uniq_grinder, uniq_pikel,
          uniq_duvessa, uniq_ijyb
